 Dungeon Crawl Stone Soup version 0.24-a0-375-g4de66ed42b (webtiles) character file.

Game seed: 14124575304160900782

10026 theanonym the Carver (level 11, -10/153 HPs)
             Began as a Minotaur Assassin on May 31, 2019.
             Was a High Priest of Okawaru.
             Killed from afar by Jorgrun (46 damage)
             ... with an iron shot
             ... on level 12 of the Dungeon.
             The game lasted 00:18:01 (14299 turns).

theanonym the Carver (Minotaur Assassin)           Turns: 14299, Time: 00:18:02

Health: -10/153    AC: 24    Str: 24    XL:     11   Next: 30%
Magic:  13/13      EV: 10    Int:  8    God:    Okawaru [*****.]
Gold:   639        SH:  0    Dex: 12    Spells: 10/10 levels left

rFire    . . .     SeeInvis .   a - +1 great sword (holy)
rCold    + . .     Gourm    .   (shield currently unavailable)
rNeg     . . .     Faith    .   D - +0 plate armour
rPois    .         Spirit   .   (helmet restricted)
rElec    .         Reflect  .   A - +2 cloak
rCorr    .         Harm     .   (no gloves)
MR       .....                  k - +0 pair of boots
Stlth    ..........             h - amulet of rage
HPRegen  0.35/turn              v - +2 ring of protection
MPRegen  0.13/turn              i - ring of protection from cold

@: berserking, heroism, very quick
A: retaliatory headbutt, horns 2
a: Heroism, Finesse, Renounce Religion, Evoke Berserk Rage


Innate Abilities, Weirdness & Mutations

You reflexively headbutt those who attack you in melee.
You have a pair of horns on your head.


   Skills:
 + Level 11.5(16.5) Fighting
   Level 2.1(12.6) Short Blades
 * Level 12.1(17.2) Long Blades
 - Level 2.0(7.0) Throwing
 + Level 11.2(16.2) Armour
 - Level 1.1(6.1) Dodging
 - Level 3.2(8.2) Stealth
 - Level 5.0 Invocations


You had 10 spell levels left.
You didn't know any spells.
Your spell library contained the following spells:

 Spells                   Type           Power        Failure   Level  Hunger
 Magic Dart               Conj           #...         97%         1    ##.....
 Blink                    Tloc           N/A          99%         2    ###....
 Call Imp                 Summ           #.......     99%         2    ###....
 Slow                     Hex            #.......     99%         2    ###....
 Conjure Flame            Conj/Fire      #.......     100%        3    ####...
 Mephitic Cloud           Conj/Pois/Air  #.......     100%        3    ####...

Skill      XL: |  1  2  3  4  5  6  7  8  9 10 11 |
---------------+----------------------------------+-----
Armour         | 1 2 3 4 5 6 8 9 10 11 | 11.2
Fighting       | 3 4 5 6 7 8 9 11 | 11.5
Invocations    | 1 2 3 4 5 |  5.0
Long Blades    | 4 8 11 12 | 12.1
Short Blades   | |  2.1
Throwing       | |  2.0
Dodging        | |  1.1
Stealth        | |  3.2

Action                   |  1- 3 |  4- 6 |  7- 9 | 10-12 || total
-------------------------+-------+-------+-------+-------++-------
Melee: Dagger            |    68 |   156 |   119 |       ||   343
       Headbutt          |     8 |    20 |    85 |   109 ||   222
       Short sword       |     2 |       |       |       ||     2
       Falchion          |       |       |   272 |   277 ||   549
       Punch             |       |       |     1 |       ||     1
       Great sword       |       |       |       |   153 ||   153
Throw: Dart              |       |     3 |     7 |       ||    10
       Throwing net      |       |       |       |     3 ||     3
Invok: Heroism           |       |       |     2 |     7 ||     9
 Abil: Evoke Berserk Rag |       |       |       |     1 ||     1
Evoke: Wand              |       |       |     9 |     3 ||    12
  Use: Scroll            |     3 |       |    14 |     9 ||    26
       Potion            |     1 |       |     3 |       ||     4
 Stab: Sleeping          |     5 |     8 |     1 |       ||    14
       Invisible         |       |       |     2 |       ||     2
       Paralysed         |       |       |       |     5 ||     5
       Held in net/web   |       |       |       |     1 ||     1
  Eat: Chunk             |     1 |     7 |    12 |     7 ||    27
       Ration            |       |       |     1 |     4 ||     5
Armor: Robe              |     2 |       |       |       ||     2
       Leather armour    |    26 |    30 |       |       ||    56
       Ring mail         |       |    35 |     1 |       ||    36
       Scale mail        |       |       |    53 |       ||    53
       Chain mail        |       |       |   136 |       ||   136
       Plate armour      |       |       |    84 |   398 ||   482
Dodge: Dodged            |    54 |    91 |   185 |   162 ||   492
Block: Buckler           |       |       |       |    11 ||    11
       Rpst.: Falchion   |       |       |    37 |    20 ||    57
       Great sword       |       |       |       |    20 ||    20

Inventory:

Hand Weapons
 a - a +1 great sword of holy wrath (weapon)
Missiles
 f - 10 curare-tipped darts
 B - 2 throwing nets
 C - 7 poisoned darts (quivered)
Armour
 k - a +0 pair of boots (worn)
 A - a +2 cloak (worn)
 D - a +0 plate armour (worn)
Jewellery
 h - an amulet of rage (around neck)
 i - a ring of protection from cold (right hand)
 v - a +2 ring of protection (left hand)
 x - an uncursed ring of resist corrosion
Wands
 d - a wand of digging (5)
 w - a wand of flame (21)
 z - a wand of random effects (31)
Scrolls
 l - 8 scrolls of teleportation
 n - 6 scrolls of remove curse
 o - 2 scrolls of enchant weapon
 p - a scroll of amnesia
 r - a scroll of identify
 t - 2 scrolls of fear
 u - a scroll of blinking
 y - 2 scrolls of magic mapping
 H - a scroll of vulnerability
 K - 2 scrolls of enchant armour
Potions
 b - 7 potions of flight
 c - 3 potions of berserk rage
 g - a potion of brilliance
 j - a potion of agility
 m - 2 potions of might
 q - 3 potions of heal wounds
 s - 2 potions of ambrosia
 I - 2 potions of mutation
 J - 7 potions of curing
Comestibles
 e - 20 rations


You were on level 12 of the Dungeon.
You worshipped Okawaru.
Okawaru was extremely pleased with you.
You were not hungry.

You visited 1 branch of the dungeon, and saw 12 of its levels.
You also visited: Ossuary.

You collected 801 gold pieces.
You spent 162 gold pieces at shops.

Dungeon Overview and Level Annotations

Branches:
Dungeon (12/15)            Temple (0/1) D:5            Lair (0/6) D:10
    Orc: D:9-12

Altars:
Ashenzari
Dithmenos
Elyvilon
Fedhas
Gozag
Kikubaaqudgha
Nemelex Xobeh
Okawaru
Qazlal
Ru
Trog
Wu Jian
Yredelemnul
Zin
The Shining One

Shops:
D:4 ?   D:8 *

Annotations:
D:12 Jorgrun

... ###..[###
...# #........
...## #...>...
# #..###?....#
#.####......./#
.....#.......#
#......)).###
###((((@g...#
#.<....##.#....
.......###### #
# #.....#
#..... #....
..... .... ....


You could see Jorgrun.

Notes
Turn   | Place    | Note
-------+----------+-------------------------------------------
     0 | D:1      | theanonym the Minotaur Assassin began the quest for the
                  | Orb.
     0 | D:1      | Reached XP level 1. HP: 18/18 MP: 0/0
    84 | D:1      | Reached skill level 1 in Armour
   150 | D:1      | Reached XP level 2. HP: 25/25 MP: 1/1
   194 | D:1      | Reached skill level 3 in Fighting
   776 | D:2      | Reached skill level 2 in Armour
   782 | D:1      | Reached XP level 3. HP: 28/31 MP: 2/2
   901 | D:2      | Found an ornate altar of the Wu Jian Council.
   902 | D:2      | Found a white marble altar of Elyvilon.
   904 | D:2      | Found a shadowy altar of Dithmenos.
   906 | D:2      | Found a glowing golden altar of the Shining One.
   908 | D:2      | Found a sacrificial altar of Ru.
   911 | D:2      | Found a stormy altar of Qazlal.
   967 | D:2      | HP: 16/33 [poisoned by an adder]
   974 | D:2      | HP: 15/33 [poisoned by an adder]
   982 | D:2      | HP: 14/33 [poisoned by an adder]
  1187 | D:2      | Reached skill level 4 in Fighting
  1187 | D:2      | Reached skill level 3 in Armour
  1187 | D:2      | Reached XP level 4. HP: 32/40 MP: 3/3
  1351 | D:2      | Found an iron altar of Okawaru.
  1359 | D:2      | Became a worshipper of Warmaster Okawaru
  1557 | D:2      | Found an ancient bone altar of Kikubaaqudgha.
  1564 | D:2      | Reached skill level 1 in Invocations
  1564 | D:2      | Reached XP level 5. HP: 40/47 MP: 3/5
  1788 | D:2      | Found an opulent altar of Gozag.
  1951 | D:3      | Reached skill level 4 in Armour
  2055 | D:3      | Reached skill level 5 in Fighting
  2119 | D:3      | Reached skill level 2 in Invocations
  2442 | D:3      | Reached XP level 6. HP: 56/56 MP: 6/6
  2534 | D:3      | Found a faded altar of an unknown god.
  2534 | D:3      | Found a faded altar of an unknown god.
  2539 | D:3      | Found a basalt altar of Yredelemnul.
  2542 | D:3      | Found a shattered altar of Ashenzari.
  2544 | D:3      | Found a sparkling altar of Nemelex Xobeh.
  2612 | D:3      | Found a runed translucent door.
  2613 | D:3      | Noticed Crazy Yiuf
  3049 | D:3      | Killed Crazy Yiuf
  3153 | D:4      | Found Gyikhoeg's Magic Scroll Shoppe.
  3161 | D:4      | Bought a scroll of teleportation for 36 gold pieces
  3161 | D:4      | Bought a scroll of teleportation for 36 gold pieces
  3161 | D:4      | Bought a scroll of blinking for 90 gold pieces
  3294 | D:4      | Found a glowing silver altar of Zin.
  3303 | D:4      | HP: 27/56 [ogre/+0 giant spiked club (29)]
  3304 | D:4      | Reached * piety under Okawaru
  3304 | D:4      | Reached skill level 5 in Armour
  3483 | D:4      | Reached skill level 3 in Invocations
  3550 | D:4      | Reached skill level 6 in Fighting
  3550 | D:4      | Reached XP level 7. HP: 63/63 MP: 8/8
  4227 | D:5      | Entered Level 5 of the Dungeon
  4240 | D:5      | Noticed Pikel
  4262 | D:5      | Killed Pikel
  4262 | D:5      | Reached ** piety under Okawaru
  4262 | D:5      | Reached skill level 7 in Fighting
  4262 | D:5      | Reached skill level 6 in Armour
  4262 | D:5      | Reached skill level 4 in Invocations
  4286 | D:5      | Reached XP level 8. HP: 60/73 MP: 10/10
  5085 | D:5      | Reached skill level 7 in Armour
  5088 | D:5      | Reached skill level 5 in Invocations
  5445 | D:5      | Found a staircase to the Ecumenical Temple.
  5562 | D:6      | Reached skill level 1 in Long Blades
  5607 | D:5      | Reached skill level 8 in Fighting
  5607 | D:5      | Reached skill level 2 in Long Blades
  5734 | D:6      | Reached skill level 3 in Long Blades
  5743 | D:6      | HP: 37/74 [poisoned by an orc]
  5748 | D:6      | HP: 34/74 [poisoned by an orc]
  5753 | D:6      | HP: 31/74 [poisoned by an orc]
  5758 | D:6      | HP: 30/74 [poisoned by an orc]
  5763 | D:6      | HP: 29/74 [poisoned by an orc]
  5771 | D:6      | HP: 29/74 [poisoned by an orc]
  6105 | D:6      | Reached skill level 4 in Long Blades
  6262 | D:6      | Reached *** piety under Okawaru
  6326 | D:6      | Reached skill level 8 in Armour
  6428 | D:6      | Found a glowing golden altar of the Shining One.
  6716 | D:7      | Reached XP level 9. HP: 66/82 MP: 11/11
  6876 | D:7      | Reached skill level 5 in Long Blades
  6987 | D:7      | Reached skill level 6 in Long Blades
  7130 | D:7      | Reached skill level 9 in Fighting
  7430 | D:7      | Found a bloodstained altar of Trog.
  7463 | D:6      | HP: 38/83 [ogre/+0 giant club (12)]
  7464 | D:6      | Reached skill level 7 in Long Blades
  8127 | D:7      | Noticed an eight-headed hydra
  8135 | D:7      | HP: 41/83 [eight-headed hydra (5)]
  8139 | D:7      | HP: 18/83 [nine-headed hydra (3)]
  8139 | D:7      | HP: 4/83 [nine-headed hydra (7)]
  8139 | D:7      | HP: 1/83 [nine-headed hydra (2)]
  8141 | D:7      | Killed a nine-headed hydra
  8141 | D:7      | Reached **** piety under Okawaru
  8141 | D:7      | Reached skill level 8 in Long Blades
  8141 | D:7      | Reached skill level 9 in Armour
  8785 | D:7      | Reached XP level 10. HP: 87/93 MP: 12/12
  8851 | D:8      | Found a sand-covered staircase.
  8860 | Ossuary  | Entered an ossuary
  8946 | Ossuary  | Reached skill level 10 in Fighting
  9187 | D:8      | Received a gift from Okawaru
  9267 | D:8      | Reached skill level 9 in Long Blades
  9425 | D:8      | Found Gaeh's General Store.
 10372 | D:9      | Reached skill level 10 in Armour
 11156 | D:10     | Entered Level 10 of the Dungeon
 11156 | D:10     | Noticed Urug
 11165 | D:10     | HP: 28/94 [Urug/+1 great sword of holy wrath (24)]
 11175 | D:10     | Killed Urug
 11175 | D:10     | Reached skill level 10 in Long Blades
 11432 | D:10     | Received a gift from Okawaru
 11440 | D:10     | Noticed a six-headed hydra
 11460 | D:10     | HP: 46/94 [11-headed hydra (2)]
 11463 | D:10     | Killed a 14-headed hydra
 11466 | D:10     | HP: 27/94 [adder (1)]
 11471 | D:9      | Reached ***** piety under Okawaru
 11758 | D:10     | Reached skill level 11 in Long Blades
 11881 | D:10     | Reached skill level 11 in Fighting
 11927 | D:10     | Noticed a gargoyle
 11943 | D:10     | Killed a gargoyle
 12065 | D:10     | HP: 47/95 [troll (6)]
 12070 | D:10     | Reached XP level 11. HP: 45/102 MP: 11/13
 12277 | D:10     | Found a staircase to the Lair.
 12286 | D:10     | HP: 51/102 [warg (2)]
 12288 | D:10     | HP: 25/102 [warg (11)]
 12290 | D:10     | Received a gift from Okawaru
 12797 | D:10     | Found a blossoming altar of Fedhas.
 13272 | D:11     | Reached skill level 11 in Armour
 13297 | D:11     | Killed an unseen horror
 13665 | D:11     | Reached skill level 12 in Long Blades
 14282 | D:12     | Noticed Jorgrun
 14295 | D:12     | HP: 23/102 [Jorgrun/iron shot (43)]
 14299 | D:12     | Killed from afar by Jorgrun

Vanquished Creatures
  2 hydras
  Urug (D:10)
  An unseen horror (D:11)
  Pikel (D:5)
  2 gargoyles
  A troll (D:10)
  A hippogriff (D:11)
  A wyvern (D:11)
  A hungry ghost (D:10)
  2 steam dragons (D:7)
  3 wargs (D:10)
  A water moccasin (D:6)
  An orc warrior (D:5)
  4 sky beasts
  6 ogres
  5 centaurs
  2 big kobolds
  7 bullfrogs
  A wyvern skeleton (D:8)
  A water moccasin skeleton (D:5)
  3 scorpions
  15 killer bees
  2 vampire bats (D:2)
  A howler monkey (D:7)
  3 crimson imps
  2 bullfrog zombies (D:8)
  3 bullfrog skeletons
  9 hounds
  11 orc wizards
  Crazy Yiuf (D:3)
  9 orc priests
  4 centaur skeletons
  4 iguanas
  9 worker ants
  A killer bee zombie (D:6)
  3 hound zombies
  A hound skeleton (D:8)
  8 mummies (Ossuary)
  7 gnolls
  19 adders
  5 shadow imps
  An adder skeleton (D:5)
  6 worms
  2 dart slugs
  7 leopard geckos
  40 orcs
  3 bat skeletons (D:2)
  2 bat zombies (D:2)
  7 giant cockroaches
  A gnoll zombie (Ossuary)
  11 goblins
  5 hobgoblins
  13 jackals
  2 quokkas
  A ball python (D:1)
  7 bats
  7 frilled lizards
  3 hobgoblin zombies (Ossuary)
  A jackal zombie (D:5)
  21 kobolds
  4 kobold zombies (Ossuary)
  A leopard gecko skeleton (D:5)
  A quokka skeleton (D:7)
  10 rats
320 creatures vanquished.

Vanquished Creatures (others)
  A slave (D:5)
  A jelly (D:5)
  An adder skeleton (D:5)
  A leopard gecko (D:5)
  3 orcs (D:5)
7 creatures vanquished.

Grand Total: 327 creatures vanquished

Table legend:
 A = Turns spent in this place as a percentage of turns spent in the entire game.
 B = Non-inter-level travel turns spent in this place as a percentage of non-inter-level travel turns spent in the entire game.
 C = Inter-level travel turns spent in this place as a percentage of turns spent in this place.
 D = Turns resting spent in this place as a percentage of non-inter-level travel turns spent in this place.
 E = Turns spent auto-exploring this place as a percentage of non-inter-level travel turns spent in this place.
 F = Non-inter-level travel turns spent in this place divided by the number of levels of this place that you've seen.
                   A       B       C       D       E      F
               +-------+-------+-------+-------+-------+----------------------
         Total | 100.0 | 100.0 |   3.6 |  31.2 |  53.1 | 1060.7
       Dungeon |  97.8 |  97.7 |   3.6 |  31.2 |  53.5 | 1123.0
       Ossuary |   2.2 |   2.3 |   0.0 |  28.8 |  33.2 | 313.0
               +-------+-------+-------+-------+-------+----------------------
